 Dungeon Crawl Stone Soup version 0.23-a0-644-gb60d84b635 (webtiles) character file.

760 HereIgoKillingAgain the Covert (level 7, -3/33 HPs)
             Began as a Spriggan Enchanter on Jan 1, 2019.
             Was an Initiate of Ashenzari.
             Slain by Prince Ribbit (18 damage)
             ... on level 5 of the Dungeon.
             The game lasted 00:06:42 (5573 turns).

HereIgoKillingAgain the Covert (Spriggan Enchanter) Turns: 5573, Time: 00:06:43

Health: -3/33      AC:  3    Str:  4    XL:     7   Next: 50%
Magic:  10/15      EV: 19    Int: 18    God:    Ashenzari [......]
Gold:   134        SH:  0    Dex: 17    Spells: 7/16 levels left

rFire    . . .     SeeInvis +   p - +2 short sword (venom) (curse)
rCold    . . .     Gourm    .   (shield restricted)
rNeg     . . .     Faith    .   b - +0 robe (curse)
rPois    .         Spirit   .   (helmet restricted)
rElec    .         Reflect  .   h - +0 cloak
rCorr    .         Harm     .   (gloves unavailable)
MR       +....                  (boots unavailable)
Stlth    ++++......             (no amulet)
HPRegen  0.11/turn              m - ring of flight
MPRegen  0.14/turn              (no ring)

@: very quick
A: very small, unfitting armour, see invisible, herbivore, speed 3, slow
metabolism 2
a: Curse Item, Renounce Religion, Evoke Flight


You were on level 5 of the Dungeon.
You worshipped Ashenzari.
Ashenzari was noncommittal.
You were not hungry.

You visited 1 branch of the dungeon, and saw 5 of its levels.
You also visited: Ossuary.

You collected 134 gold pieces.

Inventory:

Hand Weapons
 p - a cursed +2 short sword of venom (weapon)
Armour
 b - a cursed +0 robe (worn)
 h - a +0 cloak (worn)
Jewellery
 m - a ring of flight (left hand)
 r - an uncursed amulet of magic regeneration
Scrolls
 f - 4 scrolls of random uselessness {unknown}
 g - a scroll of fog {unknown}
 j - 3 scrolls of teleportation {unknown}
 k - 3 scrolls of noise {unknown}
 l - 2 scrolls of immolation {unknown}
 o - 4 scrolls of identify
 s - 2 scrolls of magic mapping {unknown}
 t - a scroll of fear {unknown}
 u - 2 scrolls of remove curse
 y - a scroll of enchant weapon {unknown}
Potions
 a - 4 potions of lignification
 c - 4 potions of curing
 e - a potion of brilliance
 i - a potion of cancellation
 n - 6 potions of flight
 q - a potion of magic
 v - 2 potions of haste {unknown}
 w - 2 potions of berserk rage
 x - a potion of mutation
 z - 2 potions of invisibility {unknown}
 A - a potion of might
Comestibles
 d - 5 rations


   Skills:
 + Level 1.0 Fighting
 + Level 2.0 Short Blades
 + Level 3.9 Dodging
 * Level 9.9 Stealth
 - Level 5.0 Spellcasting
 - Level 6.0 Hexes


You had 7 spell levels left.
You knew the following spells:

 Your Spells              Type           Power        Failure   Level  Hunger
a - Ensorcelled Hibernat  Hex/Ice        ###...       6%          2    #......
b - Corona                Hex            ####...      1%          1    None
c - Confuse               Hex            ####....     3%          3    ##.....
d - Dazzling Spray        Conj/Hex       ###...       12%         3    ##.....

Your spell library contained the following spells:

 Spells                   Type           Power        Failure   Level  Hunger
 Tukima's Dance           Hex            ####....     3%          3    ##.....


Dungeon Overview and Level Annotations

Branches:
Dungeon (5/15)             Temple (0/1) D:4

Altars:
Ashenzari
Elyvilon
Kikubaaqudgha
Yredelemnul
Zin
The Shining One

Annotations:
D:5 Prince Ribbit


Innate Abilities, Weirdness & Mutations

You are very small and have problems with some larger weapons.
You are too small for most types of armour.
You have supernaturally acute eyesight. (SInv)
You are a herbivore.
You cover ground extremely quickly.
You need to consume almost no food.


Message History

Prince Ribbit is nearby!
Casting: Ensorcelled Hibernation (safe; 6% risk of failure)
Confirm with . or Enter, or press ? or * to list all spells.
Aiming: Ensorcelled Hibernation (safe; 6% risk of failure)
Press: ? - help, Shift-Dir - straight line, f - Prince Ribbit
Aim: Prince Ribbit (chance to defeat MR: 28%) Prince Ribbit easily resists.
Prince Ribbit hits you!
Prince Ribbit catches a small bird with his tongue.
Casting: Ensorcelled Hibernation (safe; 6% risk of failure)
Confirm with . or Enter, or press ? or * to list all spells.
Aiming: Confuse (safe; 3% risk of failure)
Press: ? - help, Shift-Dir - straight line, f/p - Prince Ribbit
Aim: Prince Ribbit (chance to defeat MR: 37%) Prince Ribbit appears confused.
You catch the helpless Prince Ribbit completely off-guard!
You puncture Prince Ribbit!
Prince Ribbit is poisoned.
Prince Ribbit is moderately wounded.
Prince Ribbit hits you!!
Ouch! That really hurt!
You die...

... #.....##.....## ..
#.....#######.# ..
#.....#.......# ##
#.....#......## .##
#.....#...)...###### 8.#
#<....##)..........#
#.###.....##.#.#.#.#.#.#
#.#..........#.#.#.# #
#.#..........#.#@#.#
#.#..........#.#F# #
#)#.#######..#.#.# 8.#.#
#............# .##.#
#...........## ##..#
############# ...## ####


You could see Prince Ribbit (confused).

Vanquished Creatures
  An ogre (D:5)
  2 crimson imps
  A bullfrog zombie (D:5)
  A centaur zombie (Ossuary)
  A centaur skeleton (D:4)
  2 hounds (D:4)
  An orc wizard (D:5)
  An orc priest (D:4)
  2 human zombies (Ossuary)
  An iguana (D:4)
  2 worker ants (D:4)
  2 big kobold zombies (Ossuary)
  4 mummies (Ossuary)
  9 adders
  3 gnolls (D:2)
  2 worms
  A dart slug (D:2)
  2 leopard geckos (D:2)
  6 orcs (D:5)
  3 giant cockroaches
  5 hobgoblins
  4 jackals (D:4)
  3 kobolds
  A quokka (D:3)
  A ball python (D:2)
  A bat (D:2)
  4 frilled lizards
  5 goblins
  A goblin zombie (Ossuary)
  2 kobold zombies (Ossuary)
  7 rats
81 creatures vanquished.

Notes
Turn   | Place    | Note
-------+----------+-------------------------------------------
     0 | D:1      | HereIgoKillingAgain the Spriggan Enchanter began the quest
                  | for the Orb.
     0 | D:1      | Reached XP level 1. HP: 9/9 MP: 5/5
   617 | D:2      | Reached skill level 5 in Stealth
   617 | D:2      | Reached XP level 2. HP: 13/13 MP: 7/7
   621 | D:2      | Learned a level 2 spell: Ensorcelled Hibernation
   656 | D:2      | Found a basalt altar of Yredelemnul.
   672 | D:2      | Reached XP level 3. HP: 14/16 MP: 3/8
   873 | D:2      | Reached skill level 6 in Stealth
   924 | D:2      | Reached XP level 4. HP: 21/21 MP: 7/10
  1311 | D:1      | Learned a level 3 spell: Confuse
  1315 | D:1      | Learned a level 3 spell: Dazzling Spray
  1991 | D:3      | Found a shattered altar of Ashenzari.
  2021 | D:3      | Became a worshipper of Ashenzari the Shackled
  2098 | D:3      | Found a white marble altar of Elyvilon.
  2098 | D:3      | Found a glowing golden altar of the Shining One.
  2098 | D:3      | Found a glowing silver altar of Zin.
  2578 | D:4      | Found a sand-covered staircase.
  2592 | Ossuary  | Entered an ossuary
  2634 | Ossuary  | Reached XP level 5. HP: 7/24 MP: 2/11
  2644 | Ossuary  | Reached skill level 7 in Stealth
  2663 | Ossuary  | Reached skill level 5 in Hexes
  3250 | Ossuary  | Reached skill level 8 in Stealth
  3250 | Ossuary  | Reached XP level 6. HP: 16/28 MP: 13/13
  4359 | D:4      | Reached skill level 9 in Stealth
  4404 | D:4      | Reached skill level 5 in Spellcasting
  4668 | D:4      | Found a staircase to the Ecumenical Temple.
  4707 | D:4      | Reached XP level 7. HP: 24/32 MP: 15/15
  4978 | D:4      | Found an ancient bone altar of Kikubaaqudgha.
  5247 | D:5      | Entered Level 5 of the Dungeon
  5514 | D:5      | Reached skill level 1 in Fighting
  5568 | D:5      | Noticed Prince Ribbit
  5573 | D:5      | Slain by Prince Ribbit

Vault maps used:
D:1:      shiori_shiawase
D:2:      first_ration, yredelemnul_altar_generic
D:3:      good_gods_mini_temple, lemuel_round_altar, small_statue_intersection
D:4:      lemuel_doored_altar, minmay_temple_entry_hall,
          nicolae_ossuary_entry_monument, minmay_box_of_dots
D:5:      grunt_dithmenos_smoke_and_mirrors, nemelex_xobeh_ov_fountains_minmay,
          vehumet_crystals, serial_shops, nicolae_shop_statue_plus, basic_altar,
          serial_bayou, serial_bayou_crossing, serial_bayou_lake_a,
          serial_bayou_pond_c, serial_bayou_pond_e, grunt_ministairs_11,
          minmay_misc_feat_rows, uniq_prince_ribbit1
Ossuary:  ossuary_crypta

Skill      XL: |  1  2  3  4  5  6  7 |
---------------+----------------------+-----
Stealth        | 5 6 8 9 |  9.9
Spellcasting   | 3 4 5 |  5.0
Hexes          | 4 5 6 |  6.0
Fighting       | 1 |  1.0
Short Blades   | 2 |  2.0
Dodging        | |  3.9

Action                   |  1- 3 |  4- 6 |  7- 9 || total
-------------------------+-------+-------+-------++-------
Melee: Dagger            |    59 |    25 |       ||    84
       Short sword       |       |   242 |    47 ||   289
 Cast: Corona            |     1 |       |       ||     1
       Ensorcelled Hiber |     6 |    15 |     4 ||    25
       Dazzling Spray    |       |     1 |       ||     1
       Confuse           |       |     1 |     1 ||     2
Invok: Curse Item        |       |     2 |       ||     2
  Use: Scroll            |       |     6 |       ||     6
       Potion            |       |     6 |       ||     6
 Stab: Sleeping          |    14 |    10 |     8 ||    32
       Confused          |       |     1 |     1 ||     2
  Eat: Ration            |       |     2 |       ||     2
Armor: Robe              |     2 |    22 |     2 ||    26
       Skin              |       |    11 |       ||    11
Dodge: Dodged            |    33 |   177 |    30 ||   240

Table legend:
 A = Non-vault XP
 B = Vault XP
 C = Vault XP percentage of total XP
 D = Non-vault monster count
 E = Vault monster count
 F = Vault count percentage of total count
                 A         B        C        D         E       F
            +---------+---------+-------+---------+---------+-------
      Total |     774 |     312 |  28.7 |      63 |      18 |  22.2
            +---------+---------+-------+---------+---------+-------
        D:1 |       6 |       0 |   0.0 |       5 |       0 |   0.0
        D:2 |     143 |       0 |   0.0 |      26 |       0 |   0.0
        D:3 |      29 |       0 |   0.0 |       9 |       0 |   0.0
        D:4 |     336 |      41 |  10.9 |      18 |       1 |   5.3
        D:5 |     260 |      15 |   5.5 |       5 |       5 |  50.0
    Ossuary |       0 |     256 | 100.0 |       0 |      12 | 100.0
            +---------+---------+-------+---------+---------+-------
